 Dungeon Crawl Stone Soup version 0.31-a0-507-gbafd7f5274 (webtiles) character file.

Game seed: 17609271237070293028

30 bobo the Slasher (level 3, 0/28 HPs)
             Began as a Human Reaver on Aug 9, 2023.
             Slain by Sigmund
             ... wielding a +1 scythe of flaming
              (3 damage)
             ... on level 2 of the Dungeon.
             The game lasted 00:04:45 (1020 turns).

bobo the Slasher (Human Reaver)                     Turns: 1020, Time: 00:04:45

Health: 0/28       AC:  4    Str: 12    XL:     3   Next: 37%
Magic:  0/6        EV: 11    Int: 13    God:
Gold:   18         SH:  0    Dex: 13    Spells: 0/6 levels left

rFire   x . .        d - +1 short sword (freeze)
rCold   + . .        (no shield)
rNeg    . . .        b - +1 leather armour
rPois   .            (helmet restricted)
rElec   .            (no cloak)
rCorr   .            (no gloves)
SInv    .            (no boots)
Will    +....        c - amulet of guardian spirit
Stlth   +            e - ring of ice
HPRegen 0.24/turn    (no ring)
MPRegen 0.10/turn

%: guardian spirit
@: confused, attractive
A: horns 1, strong-willed 1, wild magic 1
a: no special abilities


You were on level 2 of the Dungeon.
You visited 1 branch of the dungeon, and saw 2 of its levels.

You collected 18 gold pieces.

Inventory:

Hand Weapons
 a - a +0 falchion
 d - a +1 short sword of freezing (weapon)
Armour
 b - a +1 leather armour (worn)
Jewellery
 c - an amulet of guardian spirit (around neck)
 e - a ring of ice (left hand)
Talismans
 i - a dragon-blood talisman
Potions
 f - a potion of lignification {unknown}
 l - a potion of attraction


   Skills:
 * Level 2.6 Fighting
 * Level 3.4 Long Blades
 - Level 2.0 Dodging
 + Level 2.1 Spellcasting
 + Level 3.2 Conjurations
 + Level 0.0 Hexes
 + Level 0.1 Translocations


You couldn't memorise any spells.
You knew the following spells:

 Your Spells              Type           Power      Damage    Failure   Level
a - Kiss of Death         Conj/Necr      28%        2d7       24%         1
f - Dazzling Flash        Conj/Hex       14%        N/A       54%         3
s - Momentum Strike       Conj/Tloc      14%        3d8       32%         2

Your spell library contained the following spells:

 Spells                   Type           Power      Damage    Failure   Level
 Hailstorm                Conj/Ice       10%        3d5       54%         3
 Volatile Blastmotes      Fire/Tloc      4%         2d10      75%         3
 Starburst                Conj/Fire      3%         6d3       100%        6
 Maxwell's Capacitive Co  Air            0%         ∞         100%        8


Dungeon Overview and Level Annotations

Branches:
Dungeon (2/15)

Altars:

Shops:
D:1 =?

Annotations:
D:2 Sigmund


Innate Abilities, Weirdness & Mutations

You have a pair of small horns on your head.
You are strong-willed. (Will+)
Your spells are a little harder to cast, but a little more powerful.


Message History

It is a scroll of enchant armour.
Your +0 leather armour glows green for a moment.
The air fills with toxic fumes!
As you read the scroll labelled FYXZUWK JUREORPH, it crumbles to dust.
It was a scroll of poison.
The goblin misses you.
As you read the scroll labelled TIECSO VOFAOC, it crumbles to dust.
You feel strangely unstable.
It was a scroll of teleportation.
The goblin barely misses you.
You barely miss the goblin. The goblin hits you but does no damage.
You hit the goblin. You freeze the goblin.
You kill the goblin!
Sigmund casts a spell at you. You resist with significant effort.
Your surroundings suddenly seem different.
You see here a +0 chain mail.
You see here a +0 chain mail.
Sigmund shouts!
Sigmund points at you and mumbles some strange words.
You are confused.
Sigmund points at you and mumbles some strange words.
The puff of flame hits you!! The fire burns you terribly!
Ouch! That really hurt!
It was a potion of attraction.
You feel attractive to monsters.
Sigmund breathes a few words.
Sigmund's hands start flickering wildly.
Sigmund is attracted toward you.
It was a potion of mutation.
You feel extremely strange.
You feel strong-willed.
You feel less in control of your magic. A pair of horns grows on your head!
Sigmund hits you with a +1 scythe of flaming.
Sigmund burns you.
You bump into the rock wall.
A kobold comes into view. It is wielding a +0 whip.
The kobold is attracted toward you. Sigmund attacks as you move away!
Sigmund hits you with a +1 scythe of flaming!
* * * LOW HITPOINT WARNING * * *
Sigmund burns you.
You die...

######.######.##...........#
#### #.....##[##.##........##.#
...#######....##.#####........#
.....# #..#.##.# #.)...#.##
.....# #....##.# #.......#
.....# #.......# #..@....#
.....# #.#..##.# ###....g#
.....# #.#.....# .#.##..
.....### #.#..##@######.##.# .#
##.....###.......@..K... ..
#.#####.###..###.####.§ #.#
#...........>..
#.###.#.###.#.######
#.....#.###.#.# ####..#.......#
#........### #.##.#####


You could see Sigmund and a kobold (wandering).

Vanquished Creatures
  2 ball pythons (D:1)
  3 endoplasms (D:1)
  4 goblins
  3 hobgoblins (D:1)
  3 jackals (D:1)
  2 kobolds
  4 bats (D:1)
  3 frilled lizards (D:1)
  4 rats
28 creatures vanquished.

Notes
Turn   | Place    | Note
-------+----------+-------------------------------------------
     0 | D:1      | bobo the Human Reaver began the quest for the Orb.
     0 | D:1      | Reached XP level 1. HP: 16/16 MP: 3/3
   180 | D:1      | Reached XP level 2. HP: 20/20 MP: 5/5
   269 | D:1      | Learned a level 2 spell: Momentum Strike
   306 | D:1      | Found Kedyob's Jewellery Boutique.
   457 | D:1      | Reached XP level 3. HP: 21/28 MP: 6/6
   570 | D:1      | Found Gurepp's Magic Scroll Emporium.
   609 | D:1      | Learned a level 3 spell: Dazzling Flash
   970 | D:2      | Noticed Sigmund
  1018 | D:2      | Gained mutation: You are strong-willed. (Will+) [potion of
                  | mutation]
  1018 | D:2      | Gained mutation: Your spells are a little harder to cast,
                  | but a little more powerful. [potion of mutation]
  1018 | D:2      | Gained mutation: You have a pair of small horns on your
                  | head. [potion of mutation]
  1020 | D:2      | Slain by Sigmund

Illustrated notes

Levels and vault maps discovered:
D:1:      minmay_arrival_four_houses, layout_loops_cross, serial_shops, shop,
          nicolae_shop_gaudy_bauble, minmay_misc_feat_nine_boxes,
          serial_bayou_pond_c, serial_bayou_pond_c
D:2:      layout_basic, shapermc_ecumenical_altar_starsandcircs, serial_shops,
          shop, uniq_sigmund

Action                     || total
---------------------------++-------
  Melee: Falchion          ||    14
         Short sword       ||    67
         Punch             ||     1
   Cast: Kiss of Death     ||     1
    Use: Scroll            ||     3
         Potion            ||     2
 Armour: Leather armour    ||    25
  Dodge: Dodged            ||    46

Table legend: (Time is in decaauts)
 A = Elapsed time spent in this place.
 B = Non-inter-level travel time spent in this place.
 C = Inter-level travel time spent in this place.
 D = Time resting spent in this place.
 E = Time spent auto-exploring this place.
 F = Levels seen in this place.
 G = Mean time per level.
                   A        B        C        D        E       F      G
               +--------+--------+--------+--------+--------+-----+--------+
         Total |   1022 |    985 |     37 |      0 |    725 |   2 |  511.0 |
       Dungeon |   1022 |    985 |     37 |      0 |    725 |   2 |  511.0 |
               +--------+--------+--------+--------+--------+-----+--------+

Top non-repeatable levels by time:
     D:1: 866 daAuts
     D:2: 155 daAuts
